AoeStats
← maki

MegaRandom

504520120Analyzed
1v1 RM · 27d ago on Sep 5, 2026· 39m 56s· 2 players
Game mode
Random Map
Map size
Tiny (2 player)
Population
200
Speed
Normal
Resources
Standard
Victory
Conquest
Starting age
Dark Age
Ending age
Imperial Age
RankedLock teamsTeams togetherTeam positionsShared explorationLock speedFull tech treeHidden civsTurbo modeCheats
Victory
Defeat
🇩🇪 Lithuanians · Germany
2045
+14
🇩🇰 Berbers · Denmark
2001
-14
DK | Mauseren
7:53 Loom
10:18 Feudal Age
10:50 Double-Bit Axe
13:02 Horse Collar
18:47 Castle Age
19:40 Medium Warships
19:44 Forging
22:13 Scale Barding Armor
30:29 Wheelbarrow
30:54 Bow Saw
32:57 Husbandry
33:54 Chain Barding Armor
33:59 Light Cavalry
34:49 Bloodlines
35:23 Heavy Plow
38:20 Hand Cart
maki
9:07 Loom
11:36 Feudal Age
15:20 Castle Age
14:09 Double-Bit Axe
16:12 Medium Warships
16:40 Bow Saw
27:35 Fishing Lines
28:20 Horse Collar
30:11 Wheelbarrow
29:22 Town Watch
29:58 Fletching
30:35 Bodkin Arrow
35:28 Imperial Age
33:44 Guard Tower
33:28 Pikeman
34:08 Squires
37:03 Ballistics
37:43 Chemistry
37:00 Scale Mail Armor
38:11 Bracer
39:12 Chemistry
40:30 Scale Barding Armor
Connection lost

Rejoining the realm…

Still unreachable

The connection could not be restored.

Session expired

The server has moved on; the page needs a fresh start.